 Dungeon Crawl Stone Soup version 0.31-a0-920-g28cbb04a8c (webtiles) character file.

Game seed: 8513094239183670930

205 gelatine the Chopper (level 5, -8/40 HPs)
             Began as a Demonspawn Gladiator on Oct 17, 2023.
             Mangled by an ogre
             ... wielding a +0 giant club
              (36 damage)
             ... on level 4 of the Dungeon.
             The game lasted 00:07:38 (2089 turns).

gelatine the Chopper (Demonspawn Gladiator)         Turns: 2089, Time: 00:07:39

Health: -8/40      AC:  6    Str: 16    XL:     5   Next: 52%
Magic:  6/6        EV: 13    Int:  9    God:
Gold:   254        SH:  0    Dex: 15    Spells: 6/6 levels left

rFire   . . .        o - +1 hand axe (flame)
rCold   . . .        (no shield)
rNeg    . . .        b - +0 leather armour
rPois   +            c - +0 helmet
rElec   .            (no cloak)
rCorr   .            w - +0 pair of gloves
SInv    .            (no boots)
Will    .....        (no amulet)
Stlth   +            p - ring of poison resistance
HPRegen 0.26/turn    (no ring)
MPRegen 0.10/turn

%: no passive effects
@: no status effects
A: rugged brown scales 1, powered by pain 1, demonic magic 1
a: no special abilities


You were on level 4 of the Dungeon.
You visited 1 branch of the dungeon, and saw 4 of its levels.

You collected 254 gold pieces.

Inventory:

Hand Weapons
 a - a +0 war axe
 o - a +1 hand axe of flaming (weapon)
Missiles
 d - 3 throwing nets
 e - a javelin
 f - 3 silver javelins
 r - 3 boomerangs (quivered)
Armour
 b - a +0 leather armour (worn)
 c - a +0 helmet (worn)
 w - a +0 pair of gloves (worn)
Magical Staves
 n - the staff of Causality {rPois Will+ Poison}
   (You found it on level 2 of the Dungeon)

   [staff of poison]

   Base accuracy: +5 Base damage: 5 Base attack delay: 1.2 This weapon's minimum
   attack delay (0.6) is reached at skill level 12.
   rPois:     It protects you from poison Will+: It increases your willpower.
   Poison:    It increases the power of your Poison spells.
   It falls into the 'Staves' category.
   It is a one-handed weapon.
Jewellery
 p - a ring of poison resistance (left hand)
 t - an amulet of faith
Scrolls
 h - 2 scrolls of teleportation
Potions
 j - a potion of brilliance {unknown}
 k - 2 potions of curing {unknown}
 q - 2 potions of lignification {unknown}
 s - a potion of might {unknown}
 u - a potion of berserk rage {unknown}


   Skills:
 * Level 2.7 Fighting
 * Level 3.8 Axes
 * Level 2.2 Throwing
 * Level 1.2 Armour
 * Level 3.7 Dodging
 * Level 0.9 Stealth
 * Level 1.0 Spellcasting


You had 6 spell levels left.
You didn't know any spells.
Your spell library contained the following spells:

 Spells                   Type           Power      Damage    Failure   Level
 Hailstorm                Conj/Ice       0%         3d3       80%         3
 Summon Ice Beast         Ice/Summ       0%         N/A       99%         4
 Simulacrum               Ice/Necr       0%         N/A       100%        6


Dungeon Overview and Level Annotations

Branches:
Dungeon (4/15)
 Temple: D:4-7

Altars:


Innate Abilities, Weirdness & Mutations

You are partially covered in rugged brown scales. (AC +1, +3% HP)
You sometimes gain a little power by taking damage.
Spells you cast may paralyse adjacent enemies.


Message History

You hit the orc but do no damage. The orc hits you with a +0 falchion.
* * * LOW HITPOINT WARNING * * *
Your Spellcasting skill increases to level 1!
You hit the orc. You burn the orc.
The orc is almost dead.
The orc barely misses you. The orc hits you with a +0 falchion.
* * * LOW HITPOINT WARNING * * *
You barely miss the orc.
The orc is almost dead.
The orc barely misses you.
You hit the orc but do no damage.
The orc is almost dead.
The orc misses you.
You hit the orc. You burn the orc.
You kill the orc!
Items here: )) [ †.
Things that are here:
a +0 dagger; an orc corpse You see here a +0 mace.
An ogre is nearby!
An ogre is nearby!
You throw a boomerang.
The boomerang hits the ogre and shatters for extra damage!
The ogre is moderately wounded.
You hit the ogre but do no damage.
The ogre is moderately wounded.
The ogre hits you but does no damage.
You hit the ogre. You burn the ogre.
The ogre is heavily wounded.
The ogre barely misses you.
You barely miss the ogre.
The ogre is heavily wounded.
The ogre closely misses you.
You hit the ogre. You burn the ogre.
The ogre is severely wounded.
You hit the ogre. You burn the ogre.
The ogre is severely wounded.
The ogre hits you with a +0 giant club!!!
Ouch! That really hurt!
You die...

#### #..#
###).##
#@O)..#####
###)......##
##........#
#........##
##......##
##.O>### #...#
## #...###.##
..##....#...##


You could see an ogre.

Vanquished Creatures
  A hound (D:4)
  An orc priest (D:4)
  Jessica (D:3)
  4 adders
  A worm (D:4)
  A dart slug (D:1)
  3 orcs (D:4)
  7 ball pythons
  5 endoplasms
  A giant cockroach (D:3)
  4 goblins
  7 hobgoblins
  7 jackals
  9 kobolds
  2 quokkas
  7 bats
  4 frilled lizards
  9 rats
74 creatures vanquished.

Notes
Turn   | Place    | Note
-------+----------+-------------------------------------------
     0 | D:1      | gelatine the Demonspawn Gladiator began the quest for the
                  | Orb.
     0 | D:1      | Reached XP level 1. HP: 16/16 MP: 1/1
    39 | D:1      | Gained mutation: You sometimes gain a little power by
                  | taking damage. [demonic ancestry]
    39 | D:1      | Reached XP level 2. HP: 18/22 MP: 2/2
   416 | D:1      | Reached XP level 3. HP: 28/28 MP: 3/3
   856 | D:2      | Identified the staff of Causality {rPois Will+ Poison}
  1349 | D:3      | Gained mutation: Spells you cast may paralyse adjacent
                  | enemies. [demonic ancestry]
  1349 | D:3      | Reached XP level 4. HP: 34/34 MP: 4/4
  1475 | D:3      | Noticed Jessica
  1481 | D:3      | Killed Jessica
  1889 | D:4      | Gained mutation: You are partially covered in rugged brown
                  | scales. (AC +1, +3% HP) [demonic ancestry]
  1889 | D:4      | Reached XP level 5. HP: 5/40 MP: 6/6
  1893 | D:4      | Noticed an ogre
  1922 | D:4      | Reached skill level 1 in Armour
  1987 | D:4      | Reached skill level 1 in Spellcasting
  1987 | D:4      | HP: 2/40 [orc/+0 falchion (5)]
  2089 | D:4      | Mangled by an ogre

Illustrated notes

Levels and vault maps discovered:
D:1:      dpeg_arrival_court, layout_rooms
D:2:      layout_loops_cross
D:3:      layout_rooms, uniq_jessica
D:4:      layout_cave_pools, serial_shops, shop, grunt_decor_clamped

Skill      XL: |  1  2  3  4  5 |
---------------+----------------+-----
Dodging        | 3 |  3.7
Axes           | 3 |  3.8
Throwing       | 2 |  2.2
Armour         | 1 |  1.2
Spellcasting   | 1 |  1.0
Fighting       | |  2.7
Stealth        | |  0.9

Action                     |  1- 3 |  4- 6 || total
---------------------------+-------+-------++-------
  Melee: War axe           |    57 |       ||    57
         Hand axe          |    25 |    83 ||   108
         Punch             |     1 |     1 ||     2
  Throw: Javelin           |    32 |       ||    32
         Boomerang         |     3 |    14 ||    17
    Use: Scroll            |       |     5 ||     5
         Potion            |       |     1 ||     1
   Stab: Sleeping          |     1 |       ||     1
 Armour: Leather armour    |    68 |    48 ||   116
  Dodge: Dodged            |    84 |    65 ||   149

Table legend: (Time is in decaauts)
 A = Elapsed time spent in this place.
 B = Non-inter-level travel time spent in this place.
 C = Inter-level travel time spent in this place.
 D = Time resting spent in this place.
 E = Time spent auto-exploring this place.
 F = Levels seen in this place.
 G = Mean time per level.
                   A        B        C        D        E       F      G
               +--------+--------+--------+--------+--------+-----+--------+
         Total |   2137 |   2054 |     83 |      0 |   1516 |   4 |  534.2 |
       Dungeon |   2137 |   2054 |     83 |      0 |   1516 |   4 |  534.2 |
               +--------+--------+--------+--------+--------+-----+--------+

Top non-repeatable levels by time:
     D:2: 709 daAuts
     D:1: 661 daAuts
     D:3: 539 daAuts
     D:4: 227 daAuts
